 Dungeon Crawl Stone Soup version 0.22.0 (webtiles) character file.

7907 nicolaieve the Basher (level 11, -8/142 HPs)
             Began as a Minotaur Berserker on Aug 10, 2018.
             Was an Elder of Trog.
             Mangled by a yak (12 damage)
             ... on level 12 of the Dungeon.
             The game lasted 00:46:45 (7958 turns).

nicolaieve the Basher (Minotaur Berserker)          Turns: 7958, Time: 00:46:46

Health: -8/142     AC: 12    Str: 26    XL:     11   Next: 2%
Magic:  10/10      EV: 18    Int:  4    God:    Trog [****..]
Gold:   410        SH:  8    Dex: 14    Spells: 10/10 levels left

rFire    + . .     SeeInvis .   v - +0 whip (elec)
rCold    . . .     Gourm    .   z - +0 shield
rNeg     . . .     Faith    .   I - +0 plate armour
rPois    +         Spirit   .   (helmet restricted)
rElec    .         Reflect  .   D - +0 cloak
rCorr    .         Harm     .   (no gloves)
MR       .....                  x - +0 pair of boots
Stlth    ..........             w - amulet of the acrobat
HPRegen  0.33/turn              f - ring of protection from fire
MPRegen  0.12/turn              t - ring of poison resistance

@: berserking (expiring), extremely drained, very quick
A: retaliatory headbutt, horns 2
a: Berserk, Trog's Hand, Brothers in Arms, Renounce Religion


You were on level 12 of the Dungeon.
You worshipped Trog.
Trog was greatly pleased with you.
You were not hungry.

You visited 1 branch of the dungeon, and saw 12 of its levels.

You collected 438 gold pieces.
You spent 28 gold pieces at shops.

Inventory:

Hand Weapons
 v - a +0 whip of electrocution (weapon)
Armour
 x - a +0 pair of boots (worn)
 z - a +0 shield (worn)
 D - a +0 cloak (worn)
 I - a +0 plate armour (worn)
Jewellery
 d - an uncursed ring of wizardry {unknown}
 f - a ring of protection from fire (left hand)
 q - a cursed ring of attention {unknown}
 t - a ring of poison resistance (right hand)
 w - an amulet of the acrobat (around neck)
 E - a +2 ring of protection {unknown}
 J - an uncursed amulet of the gourmand {unknown}
Wands
 g - a wand of iceblast (18)
 F - a wand of random effects (28)
 H - a wand of polymorph (12)
 K - a wand of acid (4)
 L - a wand of flame (19)
Scrolls
 a - 3 scrolls of noise
 b - a scroll of fog {unknown}
 i - 3 scrolls of amnesia {unknown}
 k - 11 scrolls of teleportation {unknown}
 m - 6 scrolls of remove curse {unknown}
 r - 3 scrolls of enchant weapon {unknown}
 y - a scroll of fear {unknown}
 A - a scroll of random uselessness {unknown}
 B - 2 scrolls of immolation {unknown}
Potions
 e - a potion of brilliance
 h - 2 potions of might
 j - 2 potions of flight
 l - a potion of ambrosia {unknown}
 n - 5 potions of lignification
 o - 7 potions of curing
 p - a potion of berserk rage
 s - a potion of agility
 C - 3 potions of cancellation
 G - a potion of mutation
 M - 2 potions of magic {unknown}
Comestibles
 c - 14 rations


   Skills:
 - Level 8.5(0.0) Fighting
 - Level 12.0(0.0) Maces & Flails
 - Level 11.3(0.0) Armour
 - Level 5.3(0.0) Dodging
 * Level 8.1(0.0) Shields


You had 10 spell levels left.
You didn't know any spells.
Your spell library was empty.

Dungeon Overview and Level Annotations

Branches:
Dungeon (12/15)            Temple (0/1) D:7            Lair (0/6) D:8
    Orc (0/2) D:9

Altars:
Dithmenos
Elyvilon
Fedhas
Kikubaaqudgha
Makhleb
Nemelex Xobeh
Okawaru
Ru
Sif Muna
Trog
Vehumet
Xom
Yredelemnul
Zin
The Shining One

Shops:
D:6 }   D:8 %   D:10 *

Annotations:
D:10 Sonja
D:11 Erica


Innate Abilities, Weirdness & Mutations

You reflexively headbutt those who attack you in melee.
You have a pair of horns on your head.


Message History

The yak is lightly wounded.
The yak gores you.
* * * LOW HITPOINT WARNING * * *
You block the yak's attack. The yak gores you!
* * * LOW HITPOINT WARNING * * *
You barely miss the yak. You headbutt the yak.
The yak is moderately wounded.
The yak gores you.
* * * LOW HITPOINT WARNING * * *
The yak gores you.
* * * LOW HITPOINT WARNING * * *
Unknown command.
You whack the yak!
The yak is heavily wounded.
The yak gores you!
* * * LOW HITPOINT WARNING * * *
The yak gores you but does no damage. The yak barely misses you.
You furiously retaliate!
You headbutt the yak! The yak gores you!
You die...

..# .# ..# ..# ..# #...#
..# # #...# .. .#
###...# ##'##.+ ......#
#Y....##. ......#
#YY...... ......+
+@Y......
......##########........
..>.....................
...#'#####..............
...#.....#..<...........
...#.....#.....#########
...#.....#.....#
...#####'#.....#
...............#


You could see 4 yaks.

Vanquished Creatures
  A two-headed ogre (D:11)
  Pikel (D:4)
  A gargoyle (D:9)
  A hippogriff (D:10)
  A wyvern (D:8)
  7 yaks
  A hungry ghost (D:10)
  Edmund (D:5)
  A soldier ant (D:11)
  A water moccasin (D:4)
  4 slaves (D:4)
  Duvessa (D:5)
  2 sky beasts
  2 black bears
  2 eyes of draining (D:9)
  An ice beast (D:10)
  10 ogres
  4 centaurs
  A big kobold (D:10)
  5 bullfrogs
  3 wyvern zombies
  Dowan (D:5)
  5 scorpions
  16 wights
  4 electric eels (D:8)
  2 howler monkeys
  5 crimson imps
  A quasit (D:6)
  Crazy Yiuf (D:5)
  A bullfrog zombie (D:8)
  2 jellies
  2 orc priests
  4 hounds
  3 orc wizards
  2 bullfrog skeletons
  4 iguanas
  5 worker ants
  A worker ant zombie (D:10)
  8 gnolls
  11 adders
  An ooze (D:1)
  2 adder skeletons
  4 worms
  2 dart slugs (D:2)
  6 leopard geckos
  19 orcs
  5 bats
  3 giant cockroaches
  6 goblins
  6 hobgoblins
  16 jackals
  4 kobolds
  3 quokkas
  5 frilled lizards
  A jackal skeleton (D:8)
  9 rats
221 creatures vanquished.

Vanquished Creatures (others)
  A troll (D:10)
  4 yaks (D:10)
  A soldier ant (D:10)
  An ogre (D:10)
  A big kobold (D:10)
  A gnoll (D:10)
  2 orcs (D:10)
11 creatures vanquished.

Grand Total: 232 creatures vanquished

Notes
Turn   | Place    | Note
-------+----------+-------------------------------------------
     0 | D:1      | nicolaieve the Minotaur Berserker began the quest for the Orb.
     0 | D:1      | Reached XP level 1. HP: 19/19 MP: 0/0
    59 | D:1      | Reached skill level 4 in Maces & Flails
    84 | D:1      | Reached XP level 2. HP: 21/26 MP: 1/1
   721 | D:2      | Reached skill level 5 in Maces & Flails
   724 | D:2      | Reached XP level 3. HP: 28/31 MP: 2/2
   782 | D:2      | Reached ** piety under Trog
   857 | D:2      | Found a blossoming altar of Fedhas.
  1496 | D:3      | Reached XP level 4. HP: 37/39 MP: 3/3
  1499 | D:3      | Reached skill level 6 in Maces & Flails
  1541 | D:3      | Found a burning altar of Makhleb.
  1655 | D:3      | Found a basalt altar of Yredelemnul.
  1689 | D:3      | Reached skill level 7 in Maces & Flails
  1689 | D:3      | Reached XP level 5. HP: 14/45 MP: 4/4
  1735 | D:3      | Found a sacrificial altar of Ru.
  1911 | D:3      | Reached skill level 8 in Maces & Flails
  2123 | D:4      | Noticed an ogre
  2128 | D:4      | Reached XP level 6. HP: 51/51 MP: 5/5
  2167 | D:4      | Noticed a slave
  2174 | D:4      | Reached skill level 9 in Maces & Flails
  2179 | D:4      | Noticed a slave
  2179 | D:4      | Noticed a slave
  2180 | D:4      | Noticed Pikel
  2180 | D:4      | Noticed a slave
  2194 | D:4      | Killed a slave
  2204 | D:4      | Killed Pikel
  2204 | D:4      | Reached skill level 11 in Maces & Flails
  2204 | D:4      | Reached XP level 7. HP: 51/57 MP: 6/6
  2351 | D:4      | Found an iron altar of Okawaru.
  2418 | D:4      | Reached XP level 8. HP: 64/64 MP: 7/7
  2460 | D:4      | Reached *** piety under Trog
  2632 | D:5      | Entered Level 5 of the Dungeon
  2656 | D:5      | Reached skill level 12 in Maces & Flails
  2782 | D:5      | Noticed Edmund
  2790 | D:5      | Killed Edmund
  2878 | D:5      | Noticed Duvessa
  2878 | D:5      | Noticed Dowan
  2886 | D:5      | Killed Duvessa
  2889 | D:5      | Killed Dowan
  3014 | D:5      | Found a deep blue altar of Sif Muna.
  3061 | D:5      | Found a runed door.
  3191 | D:5      | Reached skill level 5 in Armour
  3254 | D:5      | Reached skill level 5 in Fighting
  3282 | D:5      | Found a shadowy altar of Dithmenos.
  3282 | D:5      | Found a radiant altar of Vehumet.
  3282 | D:5      | Found a glowing golden altar of the Shining One.
  3284 | D:5      | Found a sparkling altar of Nemelex Xobeh.
  3285 | D:5      | Found a bloodstained altar of Trog.
  3462 | D:5      | Noticed Crazy Yiuf
  3466 | D:5      | Killed Crazy Yiuf
  3541 | D:6      | Found Rouwaton's Gadget Boutique.
  3632 | D:6      | Reached XP level 9. HP: 74/74 MP: 8/8
  3964 | D:6      | Found a shadowy altar of Dithmenos.
  4066 | D:7      | Reached **** piety under Trog
  4100 | D:7      | Found a staircase to the Ecumenical Temple.
  4672 | D:8      | Found Amiagone's Food Shoppe.
  4954 | D:8      | Found an iron altar of Okawaru.
  5007 | D:8      | Found a staircase to the Lair.
  5625 | D:8      | Found a white marble altar of Elyvilon.
  5685 | D:8      | Found an ancient bone altar of Kikubaaqudgha.
  6184 | D:9      | Reached skill level 10 in Armour
  6184 | D:9      | Reached XP level 10. HP: 88/88 MP: 9/9
  6196 | D:9      | Reached skill level 5 in Dodging
  6294 | D:9      | Found a glowing silver altar of Zin.
  6432 | D:9      | Noticed a gargoyle
  6445 | D:9      | Killed a gargoyle
  6462 | D:9      | Found a staircase to the Orcish Mines.
  6904 | D:10     | Entered Level 10 of the Dungeon
  6937 | D:10     | Reached skill level 1 in Shields
  7011 | D:10     | Found a shimmering altar of Xom.
  7029 | D:10     | Reached ***** piety under Trog
  7118 | D:10     | Found Aquozet's General Store.
  7127 | D:10     | Reached skill level 5 in Shields
  7204 | D:10     | Bought a scroll of identify for 28 gold pieces
  7313 | D:10     | Noticed Sonja
  7411 | D:11     | Noticed a two-headed ogre
  7419 | D:11     | Noticed Erica
  7712 | D:11     | Noticed a two-headed ogre
  7727 | D:11     | Killed a two-headed ogre
  7727 | D:11     | Reached XP level 11. HP: 15/95 MP: 10/10
  7957 | D:12     | HP: 4/142 [yak (9)]
  7958 | D:12     | Mangled by a yak

Skill      XL: |  1  2  3  4  5  6  7  8  9 10 11 |
---------------+----------------------------------+-----
Maces & Flails | 4 5 7 8 11 12 | 12.0
Armour         | 6 10 11 | 11.3
Fighting       | 5 7 8 |  8.5
Dodging        | 3 4 5 |  5.3
Shields        | 7 8 |  8.1

Action                   |  1- 3 |  4- 6 |  7- 9 | 10-12 || total
-------------------------+-------+-------+-------+-------++-------
Melee: Whip              |    77 |   118 |   306 |   229 ||   730
       Headbutt          |    12 |    24 |    68 |    63 ||   167
Invok: Berserk           |     1 |     3 |     4 |     8 ||    16
       Trog's Hand       |     1 |     3 |     1 |     4 ||     9
  Use: Scroll            |       |       |     8 |     4 ||    12
       Potion            |       |       |       |     1 ||     1
 Stab: Distracted        |       |       |     1 |       ||     1
  Eat: Chunk             |     3 |     3 |    12 |     7 ||    25
       Ration            |       |     1 |     1 |     3 ||     5
Armor: Animal skin       |     7 |       |       |       ||     7
       Chain mail        |     7 |    43 |   102 |    22 ||   174
       Plate armour      |       |       |       |   119 ||   119
Dodge: Dodged            |    36 |    32 |   131 |   107 ||   306
Block: Shield            |       |       |       |   100 ||   100
